Map: Dusk Towers

Players

LilDicky

  • Race: Terran Terran
  • League: Platinum

Aragorn - Winner!

  • Race: Protoss Protoss
  • League: Platinum

VOD

http://www.twitch.tv/tumescentpie

Description

Time

  • Played on: Nov. 20, 2015, 9:35 a.m.
  • Length: 6:29
Show
View Real Time Build Order
Export as new Build Order

LilDicky Terran 

Build Orders: MMM Bio 

Get SALT Encoding   

  12  0:02  SCV  
  13  0:17  SCV  
  13  0:20  Supply Depot  
  14  0:29  SCV  
  15  0:37  Refinery  
  15  0:42  SCV  
  16  0:54  SCV, Barracks  
  17  1:06  SCV  
  18  1:25  SCV  
  19  1:37  SCV  
  20  1:41  Marine  
  20  1:43  Supply Depot  
  20  1:45  Factory  
  21  1:49  Orbital Command  
  21  2:02  Marine  
  22  2:08  Barracks  
  22  2:11  Barracks  
  23  2:15  SCV  
  23  2:19  Refinery  
  23  2:26  Supply Depot  
  23  2:27  SCV  
  23  2:28  Barracks Reactor  
  24  2:39  SCV  
  24  2:50  Widow Mine  
  26  2:52  SCV  
  27  3:04  SCV  
  28  3:11  Barracks Tech Lab  
  28  3:12  Barracks Tech Lab  
  28  3:15  Supply Depot  
  28  3:16  SCV, Marine x2  
  29  3:39  Combat Shields, Stimpack  
  29  3:41  Marine  
  29  3:42  Marauder x2, Marine  
  29  3:43  SCV  
  29  3:48  Supply Depot  
  36  4:01  SCV  
  37  4:04  Marauder x2, Marine  
  37  4:06  Starport, Marine  
  43  4:13  SCV  
  44  4:18  Supply Depot  
  44  4:22  Marine  
  45  4:25  SCV  
  45  4:26  Marauder  
  48  4:34  Marine, Marauder  
  51  4:40  Marine  
  51  4:45  Medivac  
  54  4:49  Supply Depot  
  54  4:51  Marauder  
  54  4:52  Marine  
  57  4:55  Marine  
  57  4:58  SCV, Concussive Shells  
  59  5:08  Supply Depot  
  59  5:10  SCV  
  60  5:17  Marine  
  60  5:18  Marauder x2  
  65  5:23  Medivac  
  67  5:32  Supply Depot  
  67  5:42  Marauder x2, Marine x2  
Show
View Real Time Build Order
Export as new Build Order

Aragorn Protoss - Winner!

Build Orders:  

Get SALT Encoding   

  12  0:01  Probe (Chrono Boost)  
  13  0:14  Pylon  
  13  0:17  Probe (Chrono Boost)  
  14  0:28  Probe (Chrono Boost)  
  15  0:33  Gateway  
  15  0:38  Probe (Chrono Boost)  
  16  0:44  Assimilator  
  16  0:49  Probe (Chrono Boost)  
  17  0:59  Probe (Chrono Boost)  
  18  1:04  Assimilator  
  18  1:12  Gateway, Probe (Chrono Boost)  
  19  1:23  Cybernetics Core  
  19  1:24  Probe (Chrono Boost)  
  20  1:34  Pylon  
  20  1:35  Probe (Chrono Boost)  
  21  1:46  Probe (Chrono Boost)  
  22  1:52  Zealot  
  24  2:00  Mothership Core (Chrono Boost)  
  26  2:02  Warp Gate (Chrono Boost)  
  26  2:05  Adept  
  28  2:10  Pylon  
  28  2:39  Nexus  
  28  2:54  Pylon  
  28  2:56  Probe  
  29  3:02  Gateway  
  29  3:08  Probe  
  29  3:10  Pylon  
  30  3:20  Probe  
  29  3:36  Probe  
  30  3:42  Gateway x2  
  30  3:51  Robotics Facility  
  30  3:54  Probe (Chrono Boost)  
  31  4:05  Probe (Chrono Boost)  
  31  4:06  Probe (Chrono Boost)  
  33  4:16  Probe (Chrono Boost)  
  34  4:17  Probe (Chrono Boost)  
  34  4:19  Stalker  
  34  4:21  Adept  
  39  4:24  Sentry  
  39  4:26  Probe (Chrono Boost)  
  42  4:37  Probe (Chrono Boost)  
  43  4:40  Immortal  
  43  4:43  Probe (Chrono Boost)  
  48  4:47  Probe (Chrono Boost)  
  48  4:48  Assimilator  
  48  4:51  Sentry x2  
  53  4:55  Adept  
  55  5:06  Probe (Chrono Boost)  
  56  5:11  Robotics Bay  
  56  5:18  Stalker x2  
  58  5:21  Stalker  
  58  5:23  Adept  
  62  5:34  Pylon  
  62  5:41  Stalker, Pylon  
  64  5:43  Adept x2  
  64  6:06  Stalker x4  
Tags
 
Add a new tag
Caveats
  • Supply blocks, unpowered buildings, or Contaminate may cause inaccurate times.
  • Supply counts are checked every 10 seconds.